[Event "Titled Tuesday Blitz April 19 Early 2022"]
[White "Pranav, V"]
[Black "Pakleza, Zbigniew"]
[WhiteFideId "25060783"]
[BlackFideId "1119290"]
[WhiteElo "2349"]
[BlackElo "2467"]
[Result "1-0"]
[Round "11"]
[TimeControl "180+1"]
[Date "2022.04.19"]
[WhiteClock "0:00:20"]
[BlackClock "0:00:10"]

1. e4 d6 2. d4 Nf6 3. Nc3 c6 4. Nf3 Bg4 5. h3 Bh5 6. Bc4 e6 7. Bd3 Be7 8. Bg5 d5 9. e5 Nfd7 10. Bxe7 Qxe7 11. Qd2 a6 12. g4 Bg6 13. h4 c5 14. dxc5 Nc6 15. Bxg6 hxg6 16. O-O-O Qxc5 17. h5 gxh5 18. gxh5 O-O-O 19. Rde1 Qe7 20. Qf4 Rdf8 21. Qg3 Rfg8 22. a3 Nb6 23. Nd2 Kb8 24. f4 Ka8 25. Kb1 Na5 26. Qf2 Nac4 27. Nb3 Rc8 28. Qd4 Qc7 29. Reg1 Rhg8 30. Rg3 Qe7 31. Rhg1 Nxb2 32. Qxb6 Nc4 33. Qd4 Qxa3 34. Na2 Rc6 35. Nbc1 Qa5 36. Nb3 Rb6 37. Ka1 Qa3 38. Nd2 Qa5 39. Nxc4 dxc4 40. Qxc4 Rc6 41. Qb4 Qc7 42. c3 Rh8 43. Rxg7 Rxh5 44. Rg8+ Ka7 45. Qd4+ b6 46. Rd8 Rc4 47. Rd7 Rxd4 48. Rxc7+ Kb8 49. Rxf7 Rd2 1-0


[Site "https://www.chess.com"]

[Event "Titled Tuesday Blitz April 19 Early 2022"]
[White "Prohorov, Olexandr"]
[Black "Iskusnyh, Sergei"]
[WhiteFideId "14105578"]
[BlackFideId "4120027"]
[WhiteElo "1993"]
[BlackElo "2492"]
[Result "1-0"]
[Round "11"]
[TimeControl "180+1"]
[Date "2022.04.19"]
[WhiteClock "0:00:34"]
[BlackClock "0:00:20"]

1. e4 e6 2. d4 d5 3. exd5 exd5 4. Bd3 c5 5. c3 Nc6 6. Ne2 Nf6 7. O-O c4 8. Bc2 Bg4 9. f3 Bh5 10. Re1 Be7 11. Ng3 Bg6 12. Nf5 O-O 13. Nxe7+ Nxe7 14. b3 Rc8 15. Na3 cxb3 16. Bxg6 hxg6 17. axb3 Rxc3 18. Nb5 Rc8 19. Nxa7 Ra8 20. Bf4 Nf5 21. Qd3 Re8 22. Nb5 Rxa1 23. Rxa1 Nh5 24. Bd2 Nf6 25. Rc1 Qb6 26. g4 Nd6 27. Nc7 Rc8 28. Rc5 Nd7 29. Nxd5 Nxc5 30. dxc5 Qxc5+ 31. Be3 Qc2 32. Ne7+ Kh7 33. Qf1 Rc3 34. Qh3# 1-0


[Site "https://www.chess.com"]

[Event "Titled Tuesday Blitz April 19 Early 2022"]
[White "Qashashvili, Alexandre"]
[Black "Mangialardo, Tiago Carvalho"]
[WhiteFideId "13600842"]
[BlackFideId "2130718"]
[WhiteElo "2316"]
[BlackElo "2059"]
[Result "1-0"]
[Round "11"]
[TimeControl "180+1"]
[Date "2022.04.19"]
[WhiteClock "0:02:08"]
[BlackClock "0:00:01"]

1. e4 Nf6 2. Nc3 d5 3. exd5 Nxd5 4. Nxd5 Qxd5 5. Qf3 Qa5 6. Bc4 e6 7. Ne2 Nc6 8. O-O Ne5 9. Qe4 f5 10. Qd4 Bc5 11. Qh4 g5 12. Qh5+ Kf8 13. Qh6+ Kf7 14. d4 Nxc4 15. dxc5 Qxc5 16. Bxg5 1-0


[Site "https://www.chess.com"]

[Event "Titled Tuesday Blitz April 19 Early 2022"]
[White "Quirke, Jeffrey"]
[Black "Sovetbekova, Nurai"]
[WhiteFideId "2013029"]
[BlackFideId "13801910"]
[WhiteElo "2161"]
[BlackElo "1538"]
[Result "1-0"]
[Round "11"]
[TimeControl "180+1"]
[Date "2022.04.19"]
[WhiteClock "0:00:19"]
[BlackClock "0:00:10"]

1. d4 Nf6 2. c4 g6 3. Nc3 d5 4. cxd5 Nxd5 5. e4 Nxc3 6. bxc3 Bg7 7. Nf3 c5 8. Be3 Qa5 9. Qd2 Nc6 10. Rb1 a6 11. Rc1 cxd4 12. cxd4 Qxd2+ 13. Kxd2 O-O 14. Bd3 Bg4 15. d5 Bxf3 16. gxf3 Ne5 17. Rc7 Nxf3+ 18. Ke2 Ne5 19. Rxe7 Nxd3 20. Kxd3 b5 21. Rc1 Bf6 22. Rb7 Rab8 23. Rxb8 Rxb8 24. f4 Be7 25. e5 f6 26. Rc7 Bd8 27. Ra7 fxe5 28. fxe5 a5 29. d6 a4 30. e6 Kf8 31. e7+ Bxe7 32. dxe7+ Ke8 33. a3 b4 34. axb4 Rxb4 35. Bc5 Rb8 36. Rxa4 h5 37. h4 Rc8 38. Kd4 g5 39. hxg5 Kf7 40. Kd5 h4 41. Rxh4 Ra8 42. Rf4+ Kg7 43. Rf8 Ra1 44. Bd4+ Kh7 45. Rh8+ Kg6 46. e8=Q+ Kf5 47. Bxa1 Kg4 48. g6 1-0


[Site "https://www.chess.com"]

[Event "Titled Tuesday Blitz April 19 Early 2022"]
[White "Reprintsev, Alexander"]
[Black "Van den Dikkenberg, Erik"]
[WhiteFideId "14100541"]
[BlackFideId "1005880"]
[WhiteElo "2108"]
[BlackElo "2118"]
[Result "1-0"]
[Round "11"]
[TimeControl "180+1"]
[Date "2022.04.19"]
[WhiteClock "0:01:14"]
[BlackClock "0:00:09"]

1. e4 c5 2. b3 Nc6 3. Bb2 d6 4. Bb5 Nf6 5. f3 e6 6. Ne2 Be7 7. d4 Qb6 8. Nbc3 cxd4 9. Nxd4 O-O 10. Na4 Qc7 11. Bxc6 bxc6 12. c4 c5 13. Nb5 Qb8 14. Qd2 a6 15. Nbc3 Qc7 16. O-O-O Bd7 17. g4 Bxa4 18. Nxa4 Rab8 19. h4 Rb4 20. h5 Rfb8 21. Qc3 Qa5 22. h6 Rxa4 23. bxa4 Qxa4 24. hxg7 Qxa2 25. Rh2 e5 26. Rc2 a5 27. Qa3 Qxa3 28. Bxa3 Rb3 29. Bb2 Rxf3 30. Re1 Kxg7 31. Bc3 Rf4 32. Rce2 Rxg4 33. Bxa5 h5 34. Bc7 h4 35. Kc2 Kg6 36. Kd3 Nh5 37. Rd2 Nf4+ 38. Kc2 h3 39. Bxd6 Bh4 40. Rh1 f6 41. Bxc5 Rg2 42. Be3 Rxd2+ 43. Kxd2 Bg5 44. c5 Kf7 45. Kc3 Ke7 46. Bxf4 exf4 47. Rxh3 Kd7 48. Kd4 Kc6 49. Ra3 f3 50. Rxf3 1-0


[Site "https://www.chess.com"]

[Event "Titled Tuesday Blitz April 19 Early 2022"]
[White "Rottenwohrer Suarez, Juan"]
[Black "Friedel, Tom"]
[WhiteFideId "32068182"]
[BlackFideId "2002108"]
[WhiteElo "2158"]
[BlackElo "2310"]
[Result "1-0"]
[Round "11"]
[TimeControl "180+1"]
[Date "2022.04.19"]
[WhiteClock "0:00:14"]
[BlackClock "0:00:27"]

1. d4 d5 2. c4 e6 3. Nf3 Nf6 4. g3 Be7 5. Bg2 Nbd7 6. O-O O-O 7. Qc2 c6 8. Nbd2 b6 9. e4 Bb7 10. e5 Ne8 11. cxd5 cxd5 12. Re1 Rc8 13. Qd1 Nc7 14. Nb1 Ba6 15. Nc3 Nb5 16. Bd2 Nxc3 17. Bxc3 Qc7 18. h4 b5 19. Bf1 Qb7 20. a3 Nb6 21. Ng5 h6 22. Nf3 Na4 23. Qb3 Rc6 24. Bd2 Rfc8 25. Bd3 Nb6 26. Bb1 Nc4 27. Qd3 g6 28. Bxh6 Nxb2 29. Qd2 Nc4 30. Qf4 Bf8 31. h5 Bg7 32. Bxg7 Kxg7 33. Qf6+ Kg8 34. h6 Kf8 35. h7 Ke8 36. h8=Q+ Kd7 37. Qxf7# 1-0


[Site "https://www.chess.com"]

[Event "Titled Tuesday Blitz April 19 Early 2022"]
[White "Rozman, Levy"]
[Black "Tasev, Dejan"]
[WhiteFideId "2039877"]
[BlackFideId "936618"]
[WhiteElo "2704"]
[BlackElo "2567"]
[Result "1-0"]
[Round "11"]
[TimeControl "180+1"]
[Date "2022.04.19"]
[WhiteClock "0:00:06"]
[BlackClock "0:00:13"]

1. d4 Nf6 2. Nc3 d5 3. Bf4 c6 4. e3 Bf5 5. f3 Bg6 6. g4 h6 7. h4 e6 8. Bd3 Bxd3 9. cxd3 Bd6 10. Nge2 Qc7 11. Qb3 Bxf4 12. Nxf4 Nbd7 13. O-O-O e5 14. Nfe2 O-O-O 15. Kb1 Rhe8 16. g5 hxg5 17. hxg5 Ng8 18. Nxd5 Qa5 19. Rc1 Kb8 20. Rxc6 exd4 21. Nxd4 Ne7 22. Nxe7 Rxe7 23. Rhc1 Nb6 24. R6c5 Qd2 25. Nf5 Red7 26. d4 g6 27. Ng3 Qf2 28. Ne4 Qxf3 29. Nf6 Re7 30. R5c3 Qf5+ 31. Qc2 Qxg5 32. Ne4 Qf5 33. Nc5 Qxc2+ 34. R1xc2 Nd5 35. Rb3 f5 36. Rg2 b6 37. Nd3 Nxe3 38. Rxg6 Rxd4 39. a3 Red7 40. Ne5 Rd1+ 41. Ka2 Nc2 42. Nxd7+ Rxd7 43. Rc3 Nd4 44. Rf6 Rd5 45. Rf7 Nb5 46. Re3 Nd6 47. Rd7 Kc8 48. Rxa7 f4 49. Rh3 Kb8 50. Rd7 Kc8 51. Rg7 Kb8 52. Rh8+ Nc8 53. Rgg8 Rc5 54. Rf8 Rc4 55. Kb3 b5 56. Rf5 Kc7 57. Rxb5 Nd6 58. Rd5 Re4 59. Rd1 Kc6 60. Rh6 Re3+ 61. Kc2 Re2+ 62. Kc1 f3 63. Rhxd6+ Kc5 64. Rf6 f2 65. Rf3 Kc4 66. Rc3+ Kb5 67. Rc2 Re4 68. Rxf2 1-0


[Site "https://www.chess.com"]

[Event "Titled Tuesday Blitz April 19 Early 2022"]
[White "Rustemov, Alexander"]
[Black "Terzi, Alexei"]
[WhiteFideId "4119002"]
[BlackFideId "13505076"]
[WhiteElo "2758"]
[BlackElo "2608"]
[Result "1-0"]
[Round "11"]
[TimeControl "180+1"]
[Date "2022.04.19"]
[WhiteClock "0:00:18"]
[BlackClock "0:00:13"]

1. d4 Nf6 2. c4 c5 3. d5 b5 4. cxb5 a6 5. e3 g6 6. Nc3 Bg7 7. a4 O-O 8. Nf3 d6 9. e4 Nbd7 10. h3 Bb7 11. Bd3 axb5 12. Bxb5 Ba6 13. Be3 Qa5 14. O-O Rfb8 15. Nd2 Bxb5 16. axb5 Qb4 17. Qc2 Ne8 18. Rxa8 Rxa8 19. Rc1 Nc7 20. b3 Nxb5 21. Nxb5 Qxb5 22. Nc4 Nb6 23. g3 Nxc4 24. bxc4 Qa4 25. Qxa4 Rxa4 26. Rc2 f5 27. exf5 gxf5 28. Kf1 Kf7 29. Ke2 e5 30. dxe6+ Kxe6 31. g4 Ra1 32. Kf3 Rh1 33. Kg2 Ra1 34. g5 Be5 35. f4 Bg7 36. h4 Ra3 37. Kf2 Rc3 38. Rxc3 Bxc3 39. Ke2 Bg7 40. Kd3 Bf8 41. h5 d5 42. Bc1 d4 43. Bd2 Kd6 44. Kc2 Ke6 45. Kb3 Kd6 46. Ka4 Kc6 47. Ka5 Bg7 48. Ka6 Bf8 49. h6 Kc7 50. Kb5 Kd6 51. Ba5 d3 52. Bd2 Ke6 53. Ka4 Bd6 54. Kb3 Kf7 55. Kc3 Bc7 56. Kxd3 Kg6 57. Kc2 Bd8 58. Kb3 Be7 59. Ka4 Bd6 60. Kb5 Bf8 61. Kc6 Be7 62. Be3 Bf8 63. Bxc5 Bxh6 64. gxh6 Kxh6 65. Kd5 Kg6 1-0


[Site "https://www.chess.com"]

[Event "Titled Tuesday Blitz April 19 Early 2022"]
[White "Sadovsky, Artem"]
[Black "Phillips, Rene"]
[WhiteFideId "4155840"]
[BlackFideId "2056275"]
[WhiteElo "2314"]
[BlackElo "2085"]
[Result "1-0"]
[Round "11"]
[TimeControl "180+1"]
[Date "2022.04.19"]
[WhiteClock "0:00:22"]
[BlackClock "0:00:10"]

1. Nf3 d5 2. e3 c6 3. c4 Bf5 4. b3 e6 5. Bb2 Nd7 6. Be2 Ngf6 7. O-O Bd6 8. d3 Qe7 9. Nbd2 Ba3 10. Qc2 h6 11. Rad1 Bxb2 12. Qxb2 a5 13. a3 O-O 14. b4 axb4 15. axb4 Ra4 16. c5 Rfa8 17. Ra1 e5 18. Rxa4 Rxa4 19. Ra1 Rxa1+ 20. Qxa1 e4 21. Nd4 Bg6 22. dxe4 Nxe4 23. Nxe4 Bxe4 24. Bf3 Bxf3 25. Nxf3 Qf6 26. Nd4 Qg6 27. h4 Qd3 28. Qa8+ Kh7 29. Qxb7 Qd1+ 30. Kh2 Ne5 31. Nxc6 Ng4+ 32. Kg3 f5 33. Qf7 Qc2 34. Ne7 Qxf2+ 35. Kh3 Qxe3+ 36. g3 Nf2+ 37. Kg2 Ne4 38. Qxf5+ Kh8 39. Ng6+ Kg8 40. Ne7+ Kh8 41. Qc8+ Kh7 42. Qg8# 1-0


[Site "https://www.chess.com"]

[Event "Titled Tuesday Blitz April 19 Early 2022"]
[White "Salem, A.R. Saleh"]
[Black "Mitrabha, Guha"]
[WhiteFideId "9301348"]
[BlackFideId "5057000"]
[WhiteElo "2657"]
[BlackElo "2468"]
[Result "1-0"]
[Round "11"]
[TimeControl "180+1"]
[Date "2022.04.19"]
[WhiteClock "0:00:24"]
[BlackClock "0:00:02"]

1. Nf3 d5 2. g3 Nd7 3. d4 Nb6 4. Bg2 Bf5 5. O-O h6 6. Nc3 e6 7. a4 a5 8. Ne5 Nf6 9. f3 Bh7 10. e4 Bb4 11. g4 c5 12. Be3 cxd4 13. Qxd4 Nc8 14. Nb5 O-O 15. Rfd1 Ne7 16. c3 Bd6 17. Nxd6 Qxd6 18. Nc4 Qc7 19. Nb6 Rad8 20. Qc5 Nc6 21. exd5 exd5 22. g5 hxg5 23. Bxg5 Qe5 24. f4 Qf5 25. Nxd5 Ne4 26. Qxc6 bxc6 27. Ne7+ Kh8 28. Nxf5 Rxd1+ 29. Rxd1 Bxf5 30. Rd8 Kg8 31. Be7 Rxd8 32. Bxd8 Nc5 33. Bxc6 Nd3 34. Bxa5 Nxb2 35. Bb4 Bd3 36. a5 Ba6 37. Kf2 f6 38. Ke3 Kf7 39. f5 g6 40. Bd5+ Kg7 41. fxg6 Kxg6 42. Kd4 f5 43. Ba3 Nd1 44. Bc4 Bxc4 45. Kxc4 Ne3+ 46. Kd3 1-0


[Site "https://www.chess.com"]

[Event "Titled Tuesday Blitz April 19 Early 2022"]
[White "Samunenkov, Ihor"]
[Black "Pham, Tran Gia Phuc"]
[WhiteFideId "14187086"]
[BlackFideId "12415669"]
[WhiteElo "2409"]
[BlackElo "1789"]
[Result "0-1"]
[Round "11"]
[TimeControl "180+1"]
[Date "2022.04.19"]
[WhiteClock "0:00:07"]
[BlackClock "0:00:04"]

1. d4 Nf6 2. c4 c5 3. d5 e6 4. Nc3 exd5 5. cxd5 d6 6. e4 g6 7. Nf3 Bg7 8. h3 O-O 9. Be3 Re8 10. Nd2 a6 11. a4 Nbd7 12. Be2 Qc7 13. O-O Rb8 14. a5 b5 15. axb6 Rxb6 16. Qc2 Rb4 17. Bxa6 Bxa6 18. Rxa6 Reb8 19. b3 Ne8 20. Rfa1 R4b7 21. R1a3 f5 22. exf5 gxf5 23. Nc4 Nb6 24. Nxb6 Rxb6 25. Rxb6 Qxb6 26. Ne2 Qb4 27. Ra7 Be5 28. g3 Ng7 29. Nc1 Qb6 30. Ra4 Rf8 31. Nd3 Bf6 32. b4 Qb7 33. bxc5 Qxd5 34. cxd6 Qxd6 35. Nf4 Qd7 36. Qc4+ Kh8 37. Ra7 Qd1+ 38. Kg2 Be5 39. Qc5 Re8 40. Re7 Rxe7 41. Qxe7 Qd6 42. Qb7 Qf8 43. h4 Bf6 44. Nd5 Be5 45. Qc6 Qe8 46. Qc4 Qe6 47. Qc5 Bd6 48. Qc6 Qe4+ 49. Kg1 Qe6 50. Bf4 Qe1+ 51. Kg2 Qe4+ 52. Kh2 Bxf4 53. Qc8+ Qe8 54. Nxf4 Qxc8 55. Kg2 Qb7+ 56. Kh2 Qf3 57. Kg1 Nh5 58. Nh3 f4 59. Ng5 Qd1+ 60. Kg2 fxg3 61. fxg3 Qe2+ 62. Kh3 Qf1+ 63. Kh2 Qf2+ 64. Kh3 Qxg3# 0-1


[Site "https://www.chess.com"]

[Event "Titled Tuesday Blitz April 19 Early 2022"]
[White "Sanchez Alvares, Kelvin Antonio"]
[Black "Sarkar, Justin"]
[WhiteFideId "3906680"]
[BlackFideId "2010011"]
[WhiteElo "2193"]
[BlackElo "2038"]
[Result "0-1"]
[Round "11"]
[TimeControl "180+1"]
[Date "2022.04.19"]
[WhiteClock "0:01:58"]
[BlackClock "0:00:42"]

1. e4 c5 2. Nf3 Nc6 3. d4 cxd4 4. Nxd4 Nf6 5. Nc3 d6 6. f3 g6 7. Be3 Bg7 8. Qd2 Bd7 9. Bc4 Rc8 10. Bb3 Nxd4 11. Bxd4 O-O 12. O-O-O Be6 13. e5 dxe5 14. Bxe6 fxe6 15. Bxe5 Qxd2+ 16. Rxd2 Bh6 17. f4 Ng4 18. Re1 Nxe5 19. Rxe5 Bxf4 20. Rxe6 Rcd8 21. Re2 Bxd2+ 22. Rxd2 Rxd2 23. Kxd2 Rf2+ 0-1


[Site "https://www.chess.com"]

[Event "Titled Tuesday Blitz April 19 Early 2022"]
[White "Sanchez, Robert"]
[Black "De Arruda, Leandro Formes"]
[WhiteFideId "2034360"]
[BlackFideId "22722009"]
[WhiteElo "2372"]
[BlackElo "1852"]
[Result "1-0"]
[Round "11"]
[TimeControl "180+1"]
[Date "2022.04.19"]
[WhiteClock "0:00:45"]
[BlackClock "0:00:04"]

1. e4 e6 2. d4 d5 3. Nd2 dxe4 4. Nxe4 Nd7 5. Nf3 Ngf6 6. Ng3 Be7 7. Bd3 O-O 8. Bd2 b6 9. Qe2 Bb7 10. O-O-O a5 11. Kb1 a4 12. c4 b5 13. Ne5 bxc4 14. Bxc4 Bd5 15. Bxd5 Nxd5 16. Nc6 Qe8 17. Rhe1 N7b6 18. Nxe7+ Qxe7 19. h4 Rfb8 20. h5 a3 21. b3 Na4 22. Qd3 c5 23. dxc5 Qxc5 24. Rc1 Qxf2 25. Re2 Qf6 26. Be1 Nf4 27. Qf3 e5 28. Rec2 Qe6 29. Ne4 h6 30. Nc5 Nxc5 31. Rxc5 Qf5+ 32. Ka1 Qe6 33. g3 Nd5 34. Qxd5 Qg4 35. Qxe5 Re8 36. Qf4 Qe2 37. Bc3 Rac8 38. Qd4 Rcd8 39. Qxg7# 1-0


[Site "https://www.chess.com"]

[Event "Titled Tuesday Blitz April 19 Early 2022"]
[White "Sapunov, Evgeny"]
[Black "Dronavalli, Harika"]
[WhiteFideId "4126661"]
[BlackFideId "5015197"]
[WhiteElo "2470"]
[BlackElo "2382"]
[Result "0-1"]
[Round "11"]
[TimeControl "180+1"]
[Date "2022.04.19"]
[WhiteClock "0:00:19"]
[BlackClock "0:00:25"]

1. c4 c5 2. Nf3 Nf6 3. Nc3 g6 4. e4 Bg7 5. d4 O-O 6. d5 d6 7. h3 e6 8. Bd3 Na6 9. O-O Nc7 10. Re1 Rb8 11. Bf4 e5 12. Bg5 h6 13. Bh4 a6 14. a4 b6 15. Rb1 a5 16. Nd2 Bd7 17. Be2 Qe8 18. Nb5 Bxb5 19. cxb5 Nh7 20. Nc4 Qd7 21. b3 Ne8 22. Qc2 Kh8 23. Bg3 f5 24. exf5 gxf5 25. f4 e4 26. Rbd1 Nhf6 27. Bf2 Nc7 28. Ne3 Rbe8 29. Kh2 Ng8 30. Rg1 Qf7 31. g3 Ne7 32. Bc4 Rg8 33. Qd2 Bf6 34. g4 Bd4 35. Rdf1 fxg4 36. Nxg4 Nf5 37. Qe2 e3 38. Be1 h5 39. Ne5 dxe5 40. d6 Ne6 41. fxe5 Rxg1 42. Rxg1 Bxe5+ 43. Kh1 Qb7+ 44. Rg2 Nf4 45. Qf1 Qxg2+ 46. Qxg2 Nxg2 47. Kxg2 Nxd6 0-1


[Site "https://www.chess.com"]

[Event "Titled Tuesday Blitz April 19 Early 2022"]
[White "Seo, Jung Min"]
[Black "Pinheiro, Iung Alicio de O."]
[WhiteFideId "1734687"]
[BlackFideId "2104350"]
[WhiteElo "2401"]
[BlackElo "2586"]
[Result "1-0"]
[Round "11"]
[TimeControl "180+1"]
[Date "2022.04.19"]
[WhiteClock "0:00:45"]
[BlackClock "0:00:19"]

1. d4 Nf6 2. c4 g6 3. Nc3 d5 4. Nf3 Bg7 5. Qb3 dxc4 6. Qxc4 O-O 7. e4 Nc6 8. Be2 Bg4 9. d5 Bxf3 10. gxf3 Na5 11. Qd3 c6 12. b4 cxd5 13. bxa5 dxe4 14. Qxd8 Rfxd8 15. Rb1 exf3 16. Bxf3 Rac8 17. Ne2 b6 18. axb6 axb6 19. Be3 Nd5 20. Bxd5 Rxd5 21. Rxb6 Ra5 22. Nc1 f5 23. O-O Kf7 24. Rd1 Rc2 25. Rb7 Bf6 26. Rbd7 g5 27. R7d2 Rc6 28. Nb3 Ra3 29. Nd4 Rca6 30. Nxf5 Rxa2 31. Rxa2 Rxa2 32. Kg2 h5 33. Ng3 Kg6 34. h3 g4 35. hxg4 hxg4 36. Rc1 Ra4 37. Rc2 Rb4 38. Ne2 Ra4 39. Rd2 Kf5 40. Bd4 e5 41. Be3 Bh4 42. Ng3+ Ke6 43. Rb2 Be7 44. Rb6+ Kd5 45. Nf5 Bc5 46. Rb5 Rc4 47. Kg3 Kc6 48. Rxc5+ Rxc5 49. Bxc5 Kxc5 50. Kxg4 Kd5 51. Kf3 Ke6 52. Ke4 Kf6 53. Ne3 Ke6 54. Ng4 1-0


[Site "https://www.chess.com"]

[Event "Titled Tuesday Blitz April 19 Early 2022"]
[White "Shandrygin, Nikita"]
[Black "Gharibyan, Mamikon"]
[WhiteFideId "24198668"]
[BlackFideId "13308300"]
[WhiteElo "2323"]
[BlackElo "2254"]
[Result "0-1"]
[Round "11"]
[TimeControl "180+1"]
[Date "2022.04.19"]
[WhiteClock "0:00:01"]
[BlackClock "0:00:24"]

1. Nf3 d5 2. g3 Nc6 3. d4 Bf5 4. Bg2 Nb4 5. Na3 e6 6. O-O Nf6 7. Ne5 Bd6 8. c3 Nc6 9. Nxc6 bxc6 10. Nc2 h5 11. Bg5 h4 12. Ne3 hxg3 13. fxg3 Rh5 14. Bxf6 Qxf6 15. Nxf5 exf5 16. e4 Qg5 17. e5 Be7 18. Qa4 Rh6 19. Bxd5 Kf8 20. Bxc6 Rd8 21. Rf4 Qh5 22. Rf2 Bg5 23. Bf3 Qh3 24. Re1 f4 25. Rg2 fxg3 26. Be4 Qh4 0-1


[Site "https://www.chess.com"]

[Event "Titled Tuesday Blitz April 19 Early 2022"]
[White "Sharafiev, Azat"]
[Black "Kaasen, Tor Fredrik"]
[WhiteFideId "4186214"]
[BlackFideId "1516647"]
[WhiteElo "2299"]
[BlackElo "2335"]
[Result "1-0"]
[Round "11"]
[TimeControl "180+1"]
[Date "2022.04.19"]
[WhiteClock "0:00:17"]
[BlackClock "0:00:01"]

1. d4 Nf6 2. Nf3 g6 3. Bg5 Bg7 4. Nbd2 h6 5. Bh4 O-O 6. e4 d6 7. Bc4 c5 8. dxc5 dxc5 9. c3 Nc6 10. Qe2 Nh5 11. Qe3 Qb6 12. Rb1 Rd8 13. Nb3 Bg4 14. Qxc5 Bxf3 15. gxf3 Nf4 16. Bg3 Nd3+ 17. Bxd3 Rxd3 18. Qxb6 axb6 19. Ke2 Rd7 20. a3 g5 21. f4 Ra4 22. fxg5 hxg5 23. f3 g4 24. Rbd1 Rxd1 25. Rxd1 Ne5 26. Bxe5 Bxe5 27. Rg1 Bxh2 28. Rxg4+ Kf8 29. Rh4 Be5 30. Rh5 f6 31. Rh8+ Kf7 32. Rd8 Ke6 33. Ke3 Rc4 34. f4 Bc7 35. Nd4+ Kf7 36. Rd7 Ke8 37. Rd5 Bd6 38. Kd3 Ra4 39. Rb5 Bc7 40. Ne6 Kd7 41. Nxc7 Kxc7 42. Rd5 Ra8 43. Kd4 Rh8 44. e5 Rh4 45. Ke4 Rh2 46. Rb5 Re2+ 47. Kd5 Rf2 48. Ke4 Re2+ 49. Kf5 Kc6 50. a4 fxe5 51. fxe5 Rh2 52. Ke6 Rh7 53. b3 Kc7 54. b4 Kc6 55. c4 Rh4 56. Kxe7 Rxc4 57. e6 Re4 58. Rf5 Rxb4 59. Rf3 1-0


[Site "https://www.chess.com"]

[Event "Titled Tuesday Blitz April 19 Early 2022"]
[White "Shohat, Yotam"]
[Black "Lagunov, Evgenij"]
[WhiteFideId "2813955"]
[BlackFideId "4125363"]
[WhiteElo "2119"]
[BlackElo "2200"]
[Result "1-0"]
[Round "11"]
[TimeControl "180+1"]
[Date "2022.04.19"]
[WhiteClock "0:02:39"]
[BlackClock "0:00:38"]

1. Nf3 d5 2. g3 e6 3. Bg2 Nf6 4. O-O Be7 5. d3 O-O 6. Nbd2 b6 7. e4 Bb7 8. e5 Nfd7 9. Re1 c5 10. Nf1 Nc6 11. h4 Qc7 12. Bf4 d4 13. N1h2 Nb4 14. Ng5 Bxg2 15. Kxg2 Bxg5 16. hxg5 Nd5 17. Qh5 Qc6 18. f3 f6 19. Ng4 Nxf4+ 20. gxf4 fxg5 21. Rh1 h6 22. Nxh6+ gxh6 23. Qg6+ Kh8 24. Rxh6# 1-0


[Site "https://www.chess.com"]

[Event "Titled Tuesday Blitz April 19 Early 2022"]
[White "Shuvalov, Evgenij"]
[Black "Fernandez Siles, Luis"]
[WhiteFideId "4187237"]
[BlackFideId "2209420"]
[WhiteElo "2130"]
[BlackElo "2212"]
[Result "0-1"]
[Round "11"]
[TimeControl "180+1"]
[Date "2022.04.19"]
[WhiteClock "0:00:03"]
[BlackClock "0:00:09"]

1. Nf3 Nf6 2. c4 g6 3. Nc3 Bg7 4. e4 d6 5. d4 O-O 6. Be2 c5 7. O-O Nc6 8. d5 Na5 9. Nd2 e5 10. a3 b6 11. b4 Nb7 12. Nb3 Nd7 13. b5 f5 14. exf5 gxf5 15. f4 exf4 16. Qc2 Ne5 17. Bxf4 Ng6 18. Bd3 Bd7 19. Rae1 Nxf4 20. Rxf4 Be5 21. Rf3 Qf6 22. Ne2 Rae8 23. Ref1 Qh6 24. Rh3 Qg5 25. Ng3 f4 26. Bxh7+ Kg7 27. Bg8 Rxg8 28. Qh7+ Kf8 29. Qxd7 Nd8 30. Rh7 Rg7 31. Rh8+ Rg8 32. Rh5 Qe7 33. Rf5+ Kg7 0-1


[Site "https://www.chess.com"]

[Event "Titled Tuesday Blitz April 19 Early 2022"]
[White "Silva Lucena, Cristian"]
[Black "Bashirli, Saadat"]
[WhiteFideId "2232588"]
[BlackFideId "13429990"]
[WhiteElo "2223"]
[BlackElo "1173"]
[Result "1-0"]
[Round "11"]
[TimeControl "180+1"]
[Date "2022.04.19"]
[WhiteClock "0:00:22"]
[BlackClock "0:01:21"]

1. Nf3 d5 2. g3 Nf6 3. Bg2 Bg4 4. O-O e6 5. h3 Bf5 6. d3 Nc6 7. Nc3 Bd6 8. Nh4 Bg6 9. Nxg6 hxg6 10. e4 dxe4 11. Nxe4 Nxe4 12. dxe4 O-O 13. h4 Bc5 14. Qg4 Ne5 15. Qe2 Qe7 16. h5 gxh5 17. Qxh5 Bd6 18. Bg5 f6 19. Bc1 Qf7 20. Qe2 Qg6 21. c3 Rad8 22. a4 Bc5 23. b4 Bd6 24. Be3 f5 25. exf5 exf5 26. Bd5+ Kh8 27. Kg2 c6 28. Rh1+ Qh7 29. Rxh7+ Kxh7 30. Rh1+ Kg6 31. Qh5+ Kf6 32. Bg5# 1-0


[Site "https://www.chess.com"]

[Event "Titled Tuesday Blitz April 19 Early 2022"]
[White "Sjugirov, Sanan"]
[Black "Zhigalko, Sergei"]
[WhiteFideId "4189302"]
[BlackFideId "13502956"]
[WhiteElo "2602"]
[BlackElo "2662"]
[Result "0-1"]
[Round "11"]
[TimeControl "180+1"]
[Date "2022.04.19"]
[WhiteClock "0:00:04"]
[BlackClock "0:00:17"]

1. e4 c5 2. Nc3 Nc6 3. Nge2 Nf6 4. d4 cxd4 5. Nxd4 e5 6. Ndb5 d6 7. Bg5 a6 8. Na3 b5 9. Nd5 Be7 10. Bxf6 Bxf6 11. c4 b4 12. Nc2 O-O 13. g3 a5 14. Bg2 Bg5 15. O-O Ne7 16. h4 Bh6 17. Nde3 Bxe3 18. Nxe3 Qc7 19. b3 Be6 20. Qd3 Rfd8 21. Kh1 Nc6 22. Rad1 a4 23. Nc2 axb3 24. axb3 Ra2 25. Kh2 Qa7 26. f4 f6 27. f5 Bf7 28. g4 h6 29. Bf3 Rb2 30. Ra1 Qd4 31. Be2 Qxd3 32. Bxd3 Rxb3 33. Rfd1 Rc3 34. Ra6 b3 35. Ne1 Nb4 36. Rb6 Nxd3 37. Rxd3 Rxd3 38. Nxd3 Bxc4 39. Nb2 d5 40. Kg3 Ra8 41. exd5 Bxd5 42. Rb5 Ra2 43. Nd3 Rg2+ 44. Kh3 Rd2 45. Rb8+ Kh7 46. Nc5 b2 47. Kg3 Ba2 48. Ne6 b1=Q 49. Nf8+ Kg8 0-1


[Site "https://www.chess.com"]

[Event "Titled Tuesday Blitz April 19 Early 2022"]
[White "Soucek, Petr"]
[Black "Gracia Alvarez, Gerardo Antonio"]
[WhiteFideId "23715170"]
[BlackFideId "5109124"]
[WhiteElo "1979"]
[BlackElo "2139"]
[Result "0-1"]
[Round "11"]
[TimeControl "180+1"]
[Date "2022.04.19"]
[WhiteClock "0:00:13"]
[BlackClock "0:00:05"]

1. e4 c5 2. Nf3 Nc6 3. Bb5 d6 4. O-O Bd7 5. Re1 Nf6 6. c3 a6 7. Bf1 Bg4 8. h3 Bxf3 9. Qxf3 g6 10. Na3 Bg7 11. Nc4 Nd7 12. d3 O-O 13. Bg5 h6 14. Bh4 b5 15. Ne3 b4 16. Rac1 Re8 17. Qe2 Rb8 18. f4 bxc3 19. bxc3 Qa5 20. Nc4 Qa4 21. g4 Na5 22. Ne3 Qa3 23. Qd2 Rb2 24. Rc2 Rxc2 25. Qxc2 Qxc3 26. Qxc3 Bxc3 27. Rb1 Bd4 28. Kf2 Kf8 29. Kf3 Rb8 30. Rxb8+ Nxb8 31. Nd5 Nac6 32. Be2 Nd7 33. Bd1 e6 34. Nc7 Ndb8 35. Bb3 Bc3 36. Bc4 a5 37. f5 exf5 38. gxf5 g5 39. Bg3 Be5 40. Bf2 a4 41. Bb5 a3 42. Nd5 Nb4 43. Nxb4 cxb4 44. Bc4 Nc6 45. Bb3 Bd4 46. Be1 Bc5 47. Ke2 Nd4+ 48. Kd2 Nxb3+ 49. Kc2 Nd4+ 50. Kd2 b3 51. Kc1 bxa2 52. Bc3 Nb3+ 53. Kc2 a1=Q 54. Bxa1 Nxa1+ 55. Kc3 Ke7 56. Kc4 Nc2 57. Kc3 a2 58. Kxc2 a1=Q 59. Kb3 Qd4 60. Kc2 Qe3 61. Kc3 Bd4+ 62. Kc4 Qxh3 63. Kd5 Bf6 64. d4 Qb3+ 65. Kc6 Bxd4 66. e5 Qb6+ 67. Kd5 Qc5+ 68. Ke4 Qxe5+ 69. Kd3 Qxf5+ 70. Kc4 g4 71. Kb3 g3 72. Kb4 g2 73. Kc4 g1=Q 74. Kb4 Qgb1+ 75. Kc4 Qc5# 0-1


[Site "https://www.chess.com"]